[Event "Titled Tuesday Blitz May 03 Late 2022"]
[White "Moral Garcia, Serafin"]
[Black "Sargsyan, Anna M."]
[WhiteFideId "2201925"]
[BlackFideId "13308130"]
[WhiteElo "2228"]
[BlackElo "2271"]
[Result "1-0"]
[Round "07"]
[TimeControl "180+1"]
[Date "2022.05.03"]
[WhiteClock "0:00:30"]
[BlackClock "0:00:14"]

1. e4 c6 2. d4 d5 3. exd5 cxd5 4. c4 Nf6 5. Nc3 Nc6 6. Bg5 Be6 7. Be2 Qa5 8. c5 Ne4 9. Bd2 Nxd2 10. Qxd2 g6 11. Nf3 Bg7 12. h3 O-O 13. O-O b6 14. cxb6 axb6 15. Rac1 Rac8 16. Rfd1 Qa7 17. b3 Bd7 18. Nxd5 e6 19. Ne3 Rfd8 20. Bb5 Nxd4 21. Nxd4 Bxd4 22. Qxd4 Bxb5 23. Qxd8+ Rxd8 24. Rxd8+ Kg7 25. a4 Be2 26. Rc2 Qa6 27. Rd7 g5 28. Rcc7 Bh5 29. Nc4 Kf6 30. Rd6 Qa8 31. Rxb6 Qe4 32. Ne3 Qb1+ 33. Kh2 Qe1 34. Rc2 Bg6 35. Rb2 h5 36. b4 Qc3 37. Re2 Bd3 38. Nd5+ 1-0


[Site "https://www.chess.com"]

[Event "Titled Tuesday Blitz May 03 Late 2022"]
[White "Nozdrachev, Leonid"]
[Black "Miszler, Levente"]
[WhiteFideId "24113433"]
[BlackFideId "763276"]
[WhiteElo "2242"]
[BlackElo "1966"]
[Result "1-0"]
[Round "07"]
[TimeControl "180+1"]
[Date "2022.05.03"]
[WhiteClock "0:00:58"]
[BlackClock "0:01:14"]

1. e4 e6 2. b3 d5 3. Bb2 Nf6 4. exd5 exd5 5. Nc3 Bd6 6. Qe2+ Qe7 7. Qxe7+ Bxe7 8. Nb5 Na6 9. O-O-O c6 10. Nd4 Nc7 11. Ngf3 O-O 12. h3 g6 13. Re1 Ne6 14. Nxe6 Bxe6 15. Nd4 Bc5 16. Nxe6 fxe6 17. Rxe6 Ne4 18. Rxe4 dxe4 19. Bc4+ Rf7 20. Re1 Kf8 21. Bxf7 Kxf7 22. Rxe4 g5 23. Re5 Be7 24. Kd1 Rd8 25. Ke2 h6 26. Bc3 Bd6 27. Re4 Kg6 28. Re6+ Kh7 29. Re3 Rd7 30. a4 Bf4 31. Re8 Kg6 32. g3 Bd6 33. Re6+ Kh7 34. Re3 Bc5 35. Re4 Rf7 36. f3 Bd6 37. Kf2 Rd7 38. Kg2 Bc7 39. Rd4 Re7 40. Re4 Rd7 41. h4 Kg6 42. hxg5 hxg5 43. Re6+ Kh7 44. d3 Rf7 45. Bb4 Bd8 46. Bc5 b6 47. Be3 c5 48. a5 Kg7 49. Rd6 Bc7 50. Rc6 Bd8 51. g4 Re7 52. Bxg5 Re2+ 53. Kf1 1-0


[Site "https://www.chess.com"]

[Event "Titled Tuesday Blitz May 03 Late 2022"]
[White "Omariev, Maksim"]
[Black "Kruckenhauser, Arthur"]
[WhiteFideId "4193423"]
[BlackFideId "1642812"]
[WhiteElo "2532"]
[BlackElo "2243"]
[Result "1/2-1/2"]
[Round "07"]
[TimeControl "180+1"]
[Date "2022.05.03"]
[WhiteClock "0:00:10"]
[BlackClock "0:00:09"]

1. g4 e5 2. Bg2 h5 3. d4 exd4 4. Qxd4 hxg4 5. Qxg4 Nf6 6. Qg3 Bd6 7. Bf4 Bxf4 8. Qxf4 d5 9. Nc3 c6 10. O-O-O Qe7 11. e4 dxe4 12. Bxe4 Be6 13. Nf3 Nbd7 14. Rhe1 O-O-O 15. Bf5 Nc5 16. Rxd8+ Rxd8 17. Ng5 Qd7 18. Bxe6 Nxe6 19. Nxe6 fxe6 20. Qe3 Nd5 21. Qxe6 Qxe6 22. Rxe6 Nxc3 23. bxc3 Rh8 24. Kd2 Rxh2 25. Ke3 Rh3+ 26. f3 Rh2 27. Kd3 Rf2 28. Re3 Kd7 29. c4 Kd6 30. a3 b6 31. Kc3 g5 32. Kd3 Kc7 33. Kc3 Kb7 34. Kd3 Ka6 35. Kc3 Ka5 36. Kb3 a6 37. Re5+ c5 38. Rxg5 Rxf3+ 39. c3 Rf1 40. Rg6 Rb1+ 41. Kc2 Ra1 42. Kb2 Rf1 43. Rh6 Rf4 44. Kb3 b5 45. cxb5 c4+ 46. Kc2 Rf2+ 47. Kb1 axb5 48. Rh8 Ka4 49. Rb8 Kb3 50. Rxb5+ Kxc3 51. a4 Rf1+ 52. Ka2 Rc1 53. a5 Rh1 54. a6 Rh6 55. Ra5 Rh8 56. a7 Ra8 57. Ra6 Kb4 58. Kb2 Kb5 59. Ra1 Kb6 60. Kc3 Rxa7 61. Rb1+ Kc6 62. Kxc4 Ra4+ 63. Kb3 Rh4 64. Rc1+ Kd5 65. Rd1+ Ke5 66. Kc3 Rh3+ 67. Kc4 Rh4+ 68. Kc5 Ke6 69. Re1+ Kf7 70. Kd6 Rd4+ 71. Ke5 Rd8 72. Rf1+ Ke7 73. Ra1 Rd7 74. Rh1 Rd2 75. Rh7+ Kf8 76. Rh8+ Kg7 77. Rh4 Re2+ 78. Kf4 Ra2 79. Rh1 Ra4+ 80. Ke5 Ra5+ 81. Ke6 Ra6+ 82. Kd7 Ra7+ 83. Kc6 Ra6+ 84. Kb5 Rg6 85. Re1 Rg2 86. Kc5 Rd2 87. Kc4 Kg6 88. Kc3 Rd8 89. Rf1 Kg5 90. Rg1+ Kf4 91. Rh1 Ke4 92. Kc4 Rc8+ 93. Kb3 Kd3 94. Ka4 Rb8 95. Ka3 Kc3 96. Rc1+ Kd2 97. Rc7 Ra8+ 98. Kb3 Rb8+ 99. Kc4 Rb1 100. Rd7+ Ke2 101. Rh7 Rc1+ 102. Kd4 Rc8 103. Rh2+ Kf3 104. Kd3 Kg3 105. Rh7 Rd8+ 106. Ke3 Kg4 107. Re7 Rd1 108. Ke2 Ra1 109. Re4+ Kf5 110. Rb4 Ra2+ 111. Kf3 Ke5 112. Rb3 1/2-1/2


[Site "https://www.chess.com"]

[Event "Titled Tuesday Blitz May 03 Late 2022"]
[White "Pakleza, Zbigniew"]
[Black "Piesik, Piotr"]
[WhiteFideId "1119290"]
[BlackFideId "1136194"]
[WhiteElo "2467"]
[BlackElo "2190"]
[Result "0-1"]
[Round "07"]
[TimeControl "180+1"]
[Date "2022.05.03"]
[WhiteClock "0:00:33"]
[BlackClock "0:01:14"]

1. d4 c5 2. c3 cxd4 3. cxd4 d5 4. Nc3 Nc6 5. Bf4 e5 6. dxe5 d4 7. Nb1 Qb6 8. Qb3 Bb4+ 9. Nd2 Be6 10. Qa4 Ne7 11. Nf3 Nd5 12. Bg3 O-O 13. a3 Bxd2+ 14. Nxd2 Qxb2 15. Rb1 Qc3 16. e4 dxe3 17. fxe3 Qxe3+ 18. Be2 Qxe2+ 19. Kxe2 Nc3+ 20. Ke3 Nxa4 21. Rxb7 Nc5 22. Rb5 Nd7 23. Rc1 Rfc8 24. Nf3 Rab8 25. Rxb8 Ndxb8 26. Ng5 h6 27. Ne4 Ne7 28. Rd1 Nf5+ 29. Kf4 Nxg3 30. Kxg3 Nc6 31. Kf4 Ne7 32. Nd6 Rc2 33. g4 Nd5+ 34. Kg3 Rc3+ 35. Kf2 Rxa3 36. h4 Ne3 37. Rb1 Nxg4+ 38. Kg2 Nxe5 39. Rb8+ Kh7 0-1


[Site "https://www.chess.com"]

[Event "Titled Tuesday Blitz May 03 Late 2022"]
[White "Paravyan, David"]
[Black "Xiong, Jeffery"]
[WhiteFideId "4194985"]
[BlackFideId "2047640"]
[WhiteElo "2569"]
[BlackElo "2727"]
[Result "1-0"]
[Round "07"]
[TimeControl "180+1"]
[Date "2022.05.03"]
[WhiteClock "0:00:06"]
[BlackClock "0:00:01"]

1. e4 e6 2. d4 d5 3. Nc3 Bb4 4. e5 Ne7 5. a3 Bxc3+ 6. bxc3 c5 7. Qg4 Qc7 8. Qxg7 Rg8 9. Qxh7 cxd4 10. Rb1 Nbc6 11. Nf3 dxc3 12. Bf4 Bd7 13. h4 O-O-O 14. Qd3 Rg4 15. Bg5 Nxe5 16. Nxe5 Qxe5+ 17. Be2 Re8 18. Rh3 Rxg2 19. Qxc3+ Qxc3+ 20. Rxc3+ Nc6 21. Kf1 Rxg5 22. hxg5 e5 23. Rf3 Re7 24. Rf6 Kc7 25. c3 Be6 26. f4 exf4 27. Rxf4 Ne5 28. Kf2 Bd7 29. Rh1 Ng6 30. Rf6 Nf8 31. Bh5 Ne6 32. Rxf7 Rxf7+ 33. Bxf7 Nxg5 34. Bxd5 Bc6 35. Rh5 Ne4+ 36. Bxe4 Bxe4 37. Ke3 Bc6 38. Kd4 Kb6 39. Kc4 a5 40. Rg5 Bf3 41. Kd4 Bc6 42. c4 Ba4 43. Rg6+ Bc6 44. Rf6 Kc7 45. Rf7+ Kb6 46. Rf6 Kc7 47. Ke5 Kb6 48. Kd6 Ba4 49. Rf2 Bb3 50. Rb2 a4 51. Kd5 Ka5 52. Kc5 b6+ 53. Kd4 Ka6 54. Kc3 Bd1 55. Kb4 Kb7 56. Rd2 1-0


[Site "https://www.chess.com"]

[Event "Titled Tuesday Blitz May 03 Late 2022"]
[White "Petrova, Irina"]
[Black "Donchenko, Anatoly"]
[WhiteFideId "14124122"]
[BlackFideId "4106091"]
[WhiteElo "1993"]
[BlackElo "2339"]
[Result "1/2-1/2"]
[Round "07"]
[TimeControl "180+1"]
[Date "2022.05.03"]
[WhiteClock "0:00:20"]
[BlackClock "0:00:28"]

1. e4 Nf6 2. e5 Nd5 3. d4 d6 4. c4 Nb6 5. exd6 exd6 6. Nc3 Nc6 7. h3 Be7 8. Nf3 Bf5 9. Be2 O-O 10. O-O h6 11. b3 Re8 12. Be3 d5 13. c5 Nc8 14. a3 a5 15. Bd3 Bxd3 16. Qxd3 Bf6 17. Rfe1 N8e7 18. Rad1 Qd7 19. Bf4 Nf5 20. Nb5 Rxe1+ 21. Rxe1 Bd8 22. g4 Nfe7 23. Re3 Ng6 24. Bg3 Na7 25. Nxa7 Rxa7 26. Qe2 Kf8 27. Ne5 Nxe5 28. Bxe5 Ra8 29. Bg3 Bf6 30. Be5 Bd8 31. Bg3 Bg5 32. f4 Bf6 33. Qd3 Re8 34. f5 c6 35. Bf4 Bd8 36. Rxe8+ Qxe8 37. Qe3 Qxe3+ 38. Bxe3 Bc7 39. Kf2 Kg8 40. Ke2 Kh7 41. Kd3 g6 42. fxg6+ Kxg6 43. b4 axb4 44. axb4 h5 45. Ke2 hxg4 46. hxg4 f5 47. gxf5+ Kxf5 48. Kd3 Kg4 49. Bg1 Kf3 50. Be3 Bh2 51. Bh6 Bf4 52. Bg7 Bc1 53. Kc2 Bf4 54. Kd3 Kf2 55. Bf6 Ke1 56. Bg7 Kd1 57. Bf6 Kc1 58. Kc3 Bd2+ 59. Kb3 Be3 60. Kc3 Kb1 61. Kb3 Bf2 62. b5 Kc1 63. bxc6 bxc6 64. Kc3 Kd1 65. Kd3 Ke1 66. Be5 Bh4 67. Ke3 Bg5+ 68. Kd3 Kf2 69. Bg7 Kf3 70. Bh8 Be7 71. Bg7 Kf4 72. Be5+ Kf5 73. Bg3 Bf6 74. Bf2 Kf4 75. Be3+ Kf3 76. Bg1 Kg2 77. Be3 Kf3 78. Bg1 Bh4 79. Be3 Bf2 80. Bg5 Bg3 81. Bf6 Kg4 82. Bg7 Kf5 83. Bf8 Bf4 84. Be7 Bg3 85. Bd8 Bb8 86. Ba5 Ke6 87. Bd2 Kf5 88. Be3 Ke6 89. Bf2 Bc7 90. Be1 Bf4 91. Bf2 Kf5 92. Be1 Kg4 93. Ba5 Kf3 94. Bb6 Bg3 95. Ba5 Bf4 96. Bb6 Bh2 97. Ba5 Bg1 98. Bb6 Kf2 99. Bc7 Kf3 100. Bd6 Bf2 101. Be5 Bh4 102. Bd6 Bg3 103. Be7 Bf4 104. Bd8 Bg3 105. Ba5 Bf4 1/2-1/2


[Site "https://www.chess.com"]

[Event "Titled Tuesday Blitz May 03 Late 2022"]
[White "Petrovic, Aleksa"]
[Black "Trost, Edvin"]
[WhiteFideId "967629"]
[BlackFideId "1729519"]
[WhiteElo "2198"]
[BlackElo "2160"]
[Result "1-0"]
[Round "07"]
[TimeControl "180+1"]
[Date "2022.05.03"]
[WhiteClock "0:00:35"]
[BlackClock "0:00:35"]

1. d4 d5 2. c4 dxc4 3. e3 Nf6 4. Bxc4 e6 5. Nf3 a6 6. O-O c5 7. dxc5 Bxc5 8. Qxd8+ Kxd8 9. Rd1+ Ke7 10. Be2 b5 11. Bd2 Bb7 12. Be1 Nbd7 13. Nfd2 Rac8 14. Nb3 Bd6 15. a4 bxa4 16. Na5 Bd5 17. Nc3 Bb4 18. Nxd5+ Nxd5 19. Rxd5 Bxe1 20. Rxd7+ Kxd7 21. Rxe1 Rc2 22. Nc4 Ke7 23. Bd3 Rxc4 24. Bxc4 Rb8 25. Ra1 Rxb2 26. g3 Rb4 27. Bxa6 Kd6 28. Kg2 Kc5 29. Kf3 Kb6 30. Bc8 Rc4 31. Bd7 Ka5 32. e4 e5 33. Kg4 Rxe4+ 34. Kf5 Rd4 35. Rxa4+ Rxa4 36. Bxa4 Kxa4 37. Kxe5 Kb5 38. Kd6 f5 39. Ke5 g6 40. Kf6 Kc4 41. Kg7 g5 42. Kxh7 Kd3 43. Kg6 f4 44. gxf4 gxf4 45. Kf5 f3 46. Kf4 Kd4 47. Kxf3 Ke5 48. Kg4 Kf6 49. h4 Kg6 50. h5+ Kh6 51. f4 Kg7 52. Kg5 Kf7 53. h6 Kg8 54. Kg6 Kh8 55. f5 Kg8 56. f6 Kh8 57. Kf7 Kh7 58. Ke8 Kh8 59. f7 Kh7 60. f8=R Kg6 61. h7 Kxh7 62. Kf7 Kh6 63. Rg8 Kh7 64. Rg1 Kh6 65. Rg2 Kh5 66. Kf6 Kh4 67. Kf5 Kh3 68. Rg4 Kh2 69. Kf4 Kh3 70. Kf3 Kh2 71. Rg3 Kh1 72. Rh3+ Kg1 73. Rh8 Kf1 74. Rh1# 1-0


[Site "https://www.chess.com"]

[Event "Titled Tuesday Blitz May 03 Late 2022"]
[White "Piliczewski, Bogusz"]
[Black "Silvestre, Christian"]
[WhiteFideId "1104144"]
[BlackFideId "30956269"]
[WhiteElo "1896"]
[BlackElo "2412"]
[Result "1/2-1/2"]
[Round "07"]
[TimeControl "180+1"]
[Date "2022.05.03"]
[WhiteClock "0:00:04"]
[BlackClock "0:00:15"]

1. d4 Nf6 2. Nf3 g6 3. Bf4 Bg7 4. e3 O-O 5. Be2 d6 6. h3 Nbd7 7. O-O Qe8 8. c4 e5 9. Bh2 b6 10. Nc3 Bb7 11. Nb5 e4 12. Nxc7 Qd8 13. Nxa8 exf3 14. Bxf3 Qxa8 15. Bxb7 Qxb7 16. Bxd6 Rc8 17. b3 Ne4 18. Bh2 f5 19. Rc1 Ndf6 20. Qe2 Nh5 21. Rfd1 Re8 22. Qf3 Nhf6 23. Rc2 Qd7 24. Qe2 g5 25. c5 Nd5 26. Rdc1 bxc5 27. Rxc5 Nxc5 28. Rxc5 Nb6 29. a4 f4 30. Rxg5 Qxd4 31. exd4 Rxe2 32. Bxf4 Kf7 33. Bb8 Bxd4 34. Rf5+ Kg6 35. Rf4 Re1+ 36. Kh2 Be5 37. Bxe5 Rxe5 38. Rg4+ Kf7 39. Rf4+ Ke7 40. Rh4 h5 41. g4 hxg4 42. hxg4 Kf6 43. f4 Re2+ 44. Kg3 Re3+ 45. Kf2 Rxb3 46. Rh6+ Kg7 47. Rc6 Rb2+ 48. Kg3 Rb3+ 49. Kh4 a6 50. Rc7+ Kf6 51. g5+ Kf5 52. Rf7+ Kg6 53. Rf6+ Kg7 54. Kg4 Rb1 55. Kf5 Nxa4 56. Rxa6 Rb5+ 57. Kg4 Nc5 58. Ra7+ Kg8 59. f5 Rb4+ 60. Kh5 Rb8 61. g6 Ne4 62. Re7 Nf6+ 63. Kg5 Rf8 64. Re6 Kg7 65. Re7+ Kg8 66. Re6 Kg7 67. Re7+ Kg8 1/2-1/2


[Site "https://www.chess.com"]

[Event "Titled Tuesday Blitz May 03 Late 2022"]
[White "Pinheiro, Iung Alicio de O."]
[Black "Vlassov, Nikolai"]
[WhiteFideId "2104350"]
[BlackFideId "4103360"]
[WhiteElo "2525"]
[BlackElo "2407"]
[Result "0-1"]
[Round "07"]
[TimeControl "180+1"]
[Date "2022.05.03"]
[WhiteClock "0:00:19"]
[BlackClock "0:00:22"]

1. c4 e5 2. g3 h5 3. Nc3 h4 4. g4 Nc6 5. h3 a5 6. Bg2 Bc5 7. e3 d6 8. Qc2 Nge7 9. Be4 g6 10. g5 Nf5 11. Nf3 Ng7 12. Nd5 Nb4 13. Qb1 Nxd5 14. cxd5 Bf5 15. b3 Qd7 16. Bb2 Bxh3 17. Bxe5 dxe5 18. Nxe5 Qe7 19. d4 Bb4+ 20. Ke2 Bf5 21. Qc2 Qxg5 22. Rag1 Bxe4 23. Qxe4 Qf5 24. Qg2 Qc2+ 25. Kf3 Ra6 26. Rc1 Rf6+ 0-1


[Site "https://www.chess.com"]

[Event "Titled Tuesday Blitz May 03 Late 2022"]
[White "Prohorov, Olexandr"]
[Black "Zhou, Qiyu"]
[WhiteFideId "14105578"]
[BlackFideId "505161"]
[WhiteElo "1993"]
[BlackElo "1925"]
[Result "1/2-1/2"]
[Round "07"]
[TimeControl "180+1"]
[Date "2022.05.03"]
[WhiteClock "0:02:03"]
[BlackClock "0:01:49"]

1. Nf3 Nf6 2. c4 e6 3. Nc3 d5 4. d4 Be7 5. Bf4 O-O 6. e3 c5 7. Rc1 cxd4 8. exd4 Nc6 9. c5 b6 10. Bb5 Bb7 11. Bxc6 Bxc6 12. Ne5 Rc8 13. Nxc6 Rxc6 14. b4 bxc5 15. bxc5 Qd7 16. O-O Rfc8 17. Qe2 Ne8 18. Rb1 Bf6 19. Rfd1 1/2-1/2


[Site "https://www.chess.com"]

[Event "Titled Tuesday Blitz May 03 Late 2022"]
[White "Rasulov, Vugar"]
[Black "Martinez Alcantara, Jose Eduardo"]
[WhiteFideId "13402390"]
[BlackFideId "3805662"]
[WhiteElo "2560"]
[BlackElo "2690"]
[Result "1/2-1/2"]
[Round "07"]
[TimeControl "180+1"]
[Date "2022.05.03"]
[WhiteClock "0:00:25"]
[BlackClock "0:00:15"]

1. d4 Nf6 2. c4 e6 3. Nf3 Bb4+ 4. Bd2 Qe7 5. Nc3 b6 6. g3 Bxc3 7. Bxc3 Ne4 8. Qc2 Bb7 9. Bg2 Nxc3 10. Qxc3 O-O 11. O-O d6 12. b4 Nd7 13. Rfc1 Nf6 14. Qc2 Be4 15. Qb2 c5 16. dxc5 dxc5 17. b5 Qb7 18. Ne1 Bxg2 19. Nxg2 Rad8 20. Rd1 Qe4 21. Ne3 Rd4 22. Rd2 Rfd8 23. Rad1 h5 24. h4 R8d7 25. a4 e5 26. a5 bxa5 27. Qc3 a4 28. Qa5 Kh7 29. Rd3 Rxd3 30. Rxd3 Rxd3 31. exd3 Qxd3 32. Qxa4 Qd7 33. Kg2 Ng4 34. Qc2+ g6 35. Nd5 Kg7 36. Qe2 Qd6 37. Qa2 Qd7 38. Qa1 Qf5 39. Qa2 Qd3 40. f3 Ne3+ 41. Nxe3 Qxe3 42. Qxa7 Qe2+ 43. Kg1 Qd1+ 44. Kg2 Qe2+ 45. Kg1 Qxc4 46. b6 Qc1+ 47. Kf2 Qd2+ 48. Kf1 Qd1+ 49. Kf2 Qd2+ 50. Kf1 Qd1+ 51. Kf2 Qd2+ 1/2-1/2


[Site "https://www.chess.com"]

[Event "Titled Tuesday Blitz May 03 Late 2022"]
[White "Remizov, Yaroslav"]
[Black "Lehtosaari, Mauri"]
[WhiteFideId "34134015"]
[BlackFideId "501999"]
[WhiteElo "2386"]
[BlackElo "2514"]
[Result "0-1"]
[Round "07"]
[TimeControl "180+1"]
[Date "2022.05.03"]
[WhiteClock "0:01:46"]
[BlackClock "0:00:10"]

1. Nc3 d5 2. e4 d4 3. Nce2 Nf6 4. d3 c5 5. g3 Nc6 6. Bg2 g6 7. f4 Bg7 8. Nf3 O-O 9. O-O b6 10. h3 Bb7 11. g4 h6 12. Ng3 Qc7 13. Qe1 Nh7 14. f5 Ne5 15. Bf4 Nxf3+ 16. Rxf3 Be5 17. Bxh6 b5 18. h4 Rfe8 19. g5 c4 20. h5 gxh5 21. Nxh5 cxd3 22. cxd3 Rac8 23. Qh4 Qc2 24. Raf1 Qd2 25. g6 Qxh6 26. Nf6+ Kg7 27. Qxh6+ Kxh6 28. Rh3+ Kg7 29. Rxh7+ Kxf6 30. Rxf7+ Kg5 31. f6 exf6 32. Rxb7 Kxg6 33. Bh3 Rc2 34. Bf5+ Kh6 35. Rh7+ Kg5 36. Rf3 Rc1+ 37. Kg2 Rc2+ 38. Kh3 Rh2# 0-1


[Site "https://www.chess.com"]

[Event "Titled Tuesday Blitz May 03 Late 2022"]
[White "Remolar Gallen, Jose"]
[Black "Burke, Paul"]
[WhiteFideId "2215187"]
[BlackFideId "2605767"]
[WhiteElo "2205"]
[BlackElo "1860"]
[Result "1-0"]
[Round "07"]
[TimeControl "180+1"]
[Date "2022.05.03"]
[WhiteClock "0:01:50"]
[BlackClock "0:00:49"]

1. e4 e5 2. f4 Bc5 3. Nf3 d6 4. Bc4 Nc6 5. c3 Nf6 6. d3 O-O 7. Nbd2 Bg4 8. h3 Bxf3 9. Nxf3 exf4 10. Bxf4 Ne5 11. Bb3 Nxf3+ 12. Qxf3 Nd7 13. d4 Bb6 14. O-O c5 15. Bxd6 cxd4 16. Bxf8 dxc3+ 17. Kh1 Qxf8 18. Qxf7+ Qxf7 19. Rxf7 Nc5 20. Bd5 cxb2 21. Raf1 h6 22. Rf8+ Kh7 23. Rxa8 1-0


[Site "https://www.chess.com"]

[Event "Titled Tuesday Blitz May 03 Late 2022"]
[White "Reprintsev, Alexander"]
[Black "Erdogdu, Mert"]
[WhiteFideId "14100541"]
[BlackFideId "6301495"]
[WhiteElo "2531"]
[BlackElo "2712"]
[Result "1-0"]
[Round "07"]
[TimeControl "180+1"]
[Date "2022.05.03"]
[WhiteClock "0:01:07"]
[BlackClock "0:00:57"]

1. e4 c5 2. b3 d6 3. Bb2 Nc6 4. Bb5 Bd7 5. Ne2 e5 6. O-O Nf6 7. d3 Be7 8. f4 exf4 9. Nxf4 O-O 10. Nd2 Ng4 11. Qe1 Bf6 12. Bxf6 Qxf6 13. h3 Nge5 14. Nd5 Qd8 15. Bxc6 bxc6 16. Ne3 Qg5 17. Nf3 Nxf3+ 18. Rxf3 Rae8 19. Qf2 d5 20. exd5 cxd5 21. Rf1 Re5 22. Rxf7 1-0


[Site "https://www.chess.com"]

[Event "Titled Tuesday Blitz May 03 Late 2022"]
[White "Richter, Nils"]
[Black "Kohler, Aran"]
[WhiteFideId "12990809"]
[BlackFideId "1002856"]
[WhiteElo "2243"]
[BlackElo "2342"]
[Result "1-0"]
[Round "07"]
[TimeControl "180+1"]
[Date "2022.05.03"]
[WhiteClock "0:02:05"]
[BlackClock "0:00:11"]

1. b3 e5 2. Bb2 Nc6 3. c4 a6 4. e3 Nf6 5. Nf3 e4 6. Ne5 Bd6 7. Nxc6 dxc6 8. Nc3 O-O 9. h3 Bf5 10. d4 exd3 11. Bxd3 Bxd3 12. Qxd3 Bb4 13. Qxd8 Raxd8 14. a3 Bxc3+ 15. Bxc3 Ne4 16. Be5 Nc5 17. Bxc7 Rd7 18. Bb6 Nxb3 19. Rd1 Rxd1+ 20. Kxd1 a5 21. a4 Re8 22. Kc2 Re4 23. Kxb3 f5 24. Rd1 f4 25. Rd4 fxe3 26. Rxe4 1-0


[Site "https://www.chess.com"]

[Event "Titled Tuesday Blitz May 03 Late 2022"]
[White "Romanchuk, Viktor"]
[Black "Vega Gutierrez, Sabrina"]
[WhiteFideId "14109271"]
[BlackFideId "2219026"]
[WhiteElo "2242"]
[BlackElo "2286"]
[Result "0-1"]
[Round "07"]
[TimeControl "180+1"]
[Date "2022.05.03"]
[WhiteClock "0:00:03"]
[BlackClock "0:00:37"]

1. d4 d5 2. c4 e6 3. Nc3 c6 4. e3 f5 5. Bd3 Nf6 6. f3 Be7 7. Nge2 O-O 8. Qc2 dxc4 9. Bxc4 b5 10. Bb3 Kh8 11. O-O a5 12. a3 Na6 13. e4 b4 14. Na4 c5 15. dxc5 fxe4 16. fxe4 Bb7 17. Bxe6 Bxe4 18. Qd2 Nxc5 19. Nxc5 Bxc5+ 20. Kh1 Qe7 21. Bh3 Nd5 22. Ng3 Ne3 23. Rxf8+ Rxf8 24. Qe2 Nc2 25. Nxe4 Qxe4 26. Qd1 Nxa1 0-1


[Site "https://www.chess.com"]

[Event "Titled Tuesday Blitz May 03 Late 2022"]
[White "Rosen, Eric"]
[Black "Demchenko, Anton"]
[WhiteFideId "2032562"]
[BlackFideId "4160258"]
[WhiteElo "2362"]
[BlackElo "2539"]
[Result "0-1"]
[Round "07"]
[TimeControl "180+1"]
[Date "2022.05.03"]
[WhiteClock "0:00:04"]
[BlackClock "0:00:09"]

1. d4 Nf6 2. Bf4 g6 3. Nc3 d5 4. e3 c6 5. h4 Qb6 6. Rb1 h5 7. Nf3 Bg4 8. Qd2 Bxf3 9. gxf3 Nbd7 10. e4 e6 11. a3 Ng8 12. Qe3 O-O-O 13. exd5 exd5 14. Nxd5 Qa5+ 15. Nc3 Bh6 16. b4 Qf5 17. Bxh6 Nxh6 18. Ne4 Qe6 19. b5 Nf5 20. Qc3 Nf6 21. bxc6 Nxe4 22. cxb7+ Kb8 23. fxe4 Qxe4+ 24. Be2 Qxh1+ 25. Bf1 Rhe8+ 26. Kd2 Rxd4+ 27. Kc1 Qxf1+ 28. Kb2 Qb5+ 29. Ka1 Qd7 30. f4 Rd1 31. a4 Rxb1+ 32. Kxb1 Qxb7+ 33. Ka2 Rc8 34. Qe5+ Ka8 35. c4 Qc6 36. a5 Qxc4+ 37. Kb2 Qb4+ 38. Ka2 Rc2+ 39. Ka1 Qa4+ 40. Kb1 Qa2# 0-1


[Site "https://www.chess.com"]

[Event "Titled Tuesday Blitz May 03 Late 2022"]
[White "Rustemov, Alexander"]
[Black "Suarez Uriel, Adrian"]
[WhiteFideId "4119002"]
[BlackFideId "22230874"]
[WhiteElo "2732"]
[BlackElo "2316"]
[Result "1-0"]
[Round "07"]
[TimeControl "180+1"]
[Date "2022.05.03"]
[WhiteClock "0:00:07"]
[BlackClock "0:00:03"]

1. d4 Nf6 2. c4 b6 3. f3 Nc6 4. e4 e5 5. Ne2 exd4 6. Nxd4 Nxd4 7. Qxd4 Bc5 8. Qe5+ Be7 9. Nc3 O-O 10. Be3 Re8 11. Qg3 Bb4 12. Bd2 Bd6 13. Qh4 Bb7 14. O-O-O a6 15. Bd3 b5 16. Rhe1 bxc4 17. Bxc4 Be7 18. e5 d5 19. Bg5 Nd7 20. Bxe7 Qxe7 21. Qxe7 Rxe7 22. Nxd5 Rxe5 23. Nc3 Rxe1 24. Rxe1 Kf8 25. Kc2 Nb6 26. Bb3 Rd8 27. Re5 h5 28. Rxh5 Rd6 29. Re5 Nd7 30. Re2 Nc5 31. Bc4 a5 32. a3 Ne6 33. Bxe6 fxe6 34. Re5 Bd5 35. b4 axb4 36. axb4 Rb6 37. b5 Rd6 38. Nxd5 exd5 39. Kc3 d4+ 40. Kd3 Kf7 41. Rc5 Rd7 42. Rc4 Ke6 43. Rxd4 Rf7 44. Ke3 Rf5 45. Rc4 Kd6 46. Rc6+ Kd7 47. Rg6 Rxb5 48. Rxg7+ Kd6 49. g4 c5 50. h4 Rb3+ 51. Kf4 c4 52. Rg8 Kd7 53. Ra8 c3 54. Ra1 c2 55. Rc1 Rc3 56. h5 Ke6 57. Kg5 Kf7 58. f4 Kg7 59. f5 Kh7 60. h6 Rc5 61. Kh5 Kg8 62. Kg6 Rc6+ 63. f6 Kh8 64. g5 Kg8 65. Kh5 Kh7 66. g6+ Kh8 67. f7 Rc5+ 68. Kg4 Rc4+ 69. Kf3 Rc8 70. g7+ Kh7 71. g8=Q+ Rxg8 72. fxg8=Q+ Kxg8 73. Rxc2 1-0


[Site "https://www.chess.com"]

[Event "Titled Tuesday Blitz May 03 Late 2022"]
[White "Sailer, Mike"]
[Black "Simonovic, Miroslav"]
[WhiteFideId "2012901"]
[BlackFideId "919152"]
[WhiteElo "2109"]
[BlackElo "2043"]
[Result "1-0"]
[Round "07"]
[TimeControl "180+1"]
[Date "2022.05.03"]
[WhiteClock "0:00:11"]
[BlackClock "0:00:06"]

1. d4 Nf6 2. Nf3 c5 3. Bf4 b6 4. e3 Bb7 5. c4 g6 6. Nc3 Bg7 7. Be2 O-O 8. O-O d6 9. a4 Nbd7 10. a5 Rc8 11. axb6 axb6 12. Ra7 Rb8 13. Qa4 Re8 14. b4 e5 15. Bg3 Ra8 16. Nb5 Bc6 17. Rxa8 Qxa8 18. Qxa8 Rxa8 19. Nxd6 exd4 20. exd4 cxb4 21. d5 Ba4 22. Rb1 Bc2 23. Rxb4 Ra1+ 24. Bf1 Bd3 25. Nd2 Rd1 26. Bf4 Ng4 27. h3 Bc3 28. hxg4 Bxd2 29. Bxd2 Rxf1+ 30. Kh2 Rxf2 31. Be3 Re2 32. Bxb6 Nxb6 33. Rxb6 Be4 34. Nxe4 Rxe4 35. Rc6 Rxg4 36. d6 Rd4 37. c5 Kg7 38. Rc7 Kf6 39. d7 Ke7 40. c6 f5 41. Rc8 Rxd7 42. cxd7 Kxd7 43. Rh8 Ke6 44. Rxh7 Kf6 45. Ra7 Kg5 46. Kg3 Kf6 47. Ra6+ Kg5 48. Kf3 Kh5 49. g3 Kg5 50. Ra5 Kh5 51. Kf4 Kh6 52. Ra6 Kh5 53. Ra5 Kh6 54. g4 fxg4 55. Kxg4 g5 56. Rxg5 Kh7 57. Kf5 Kh8 58. Kf6 Kh7 59. Rg6 Kh8 60. Kf7 Kh7 61. Rf6 1-0


[Site "https://www.chess.com"]

[Event "Titled Tuesday Blitz May 03 Late 2022"]
[White "Sarana, Alexey"]
[Black "Nagy, Gabor"]
[WhiteFideId "24133795"]
[BlackFideId "737119"]
[WhiteElo "2666"]
[BlackElo "2534"]
[Result "1-0"]
[Round "07"]
[TimeControl "180+1"]
[Date "2022.05.03"]
[WhiteClock "0:01:56"]
[BlackClock "0:01:50"]

1. d4 d5 2. c4 e6 3. Nc3 Bb4 4. cxd5 exd5 5. Bf4 c6 6. e3 Nf6 7. Bd3 O-O 8. Nf3 Ne4 9. O-O Re8 10. Qc2 Bxc3 11. bxc3 Nd7 12. Nd2 Nxd2 13. Qxd2 Nb6 14. f3 h6 15. Rae1 Be6 16. e4 dxe4 17. fxe4 Bc4 18. Rf3 Bxd3 19. Qxd3 Re6 20. Rg3 Qd7 21. Rf1 Rae8 22. Be5 Rxe5 23. dxe5 Rxe5 24. Qxd7 Nxd7 25. Rd3 Nc5 26. Rd8+ Kh7 27. Rxf7 Rxe4 28. h3 a5 29. Rd4 Re2 30. Rg4 Ne6 31. Rxb7 Rxa2 32. Rb6 a4 33. Rxc6 Ng5 34. Ra6 Rc2 35. Rc4 Rc1+ 36. Kh2 Rc2 37. Kg3 Nf7 38. Raxa4 Nd6 39. Rc6 Nf5+ 40. Kf3 h5 41. g4 Nh4+ 42. Kg3 g5 43. Ra7+ Kh8 44. Rc8# 1-0


[Site "https://www.chess.com"]

[Event "Titled Tuesday Blitz May 03 Late 2022"]
[White "Sernecki, Franciszek"]
[Black "Mekhane, Adam"]
[WhiteFideId "1169297"]
[BlackFideId "36050601"]
[WhiteElo "2165"]
[BlackElo "2002"]
[Result "0-1"]
[Round "07"]
[TimeControl "180+1"]
[Date "2022.05.03"]
[WhiteClock "0:00:58"]
[BlackClock "0:00:40"]

1. d4 Nf6 2. c4 g6 3. Nc3 Bg7 4. e4 d6 5. Bg5 O-O 6. Qd2 e5 7. dxe5 dxe5 8. Qxd8 Rxd8 9. Nd5 Nbd7 10. O-O-O Rf8 11. Nxc7 Rb8 12. f3 Nc5 13. Nd5 Nxd5 14. exd5 Re8 15. Be3 b6 16. Ne2 e4 17. f4 Nd3+ 18. Kb1 Nxb2 19. Rc1 Ba6 20. Nd4 Nd3 21. Rc3 Rbc8 0-1


[Site "https://www.chess.com"]